[Event "GER-ch Youth-U14w 2022"]
[Site "Willingen"]
[Date "2022.06.06"]
[Round "3.10"]
[White "Eichhorn, Mathilda"]
[Black "Bursan, Ana-Maria"]
[Result "1-0"]
[ECO "B17"]
[WhiteElo "1330"]
[BlackElo "1329"]
[Annotator "NA RC COMBH"]
[PlyCount "53"]
[EventDate "2022.06.05"]
[EventType "swiss"]
[EventRounds "9"]
[EventCountry "GER"]
[SourceTitle "playchess.com"]
[Source "ChessBase"]
[SourceQuality "1"]
[TimeControl "40/4500+30:900+30"]

1. e4 c6 2. d4 d5 3. Nc3 dxe4 4. Nxe4 Nd7 5. Nf3 Ngf6 6. Ng3 Nb6 7. Be2 Bd7 8. c3 Qc7 9. Bd2 O-O-O 10. Ng5 Be6 11. Nxe6 fxe6 12. Qb3 Qd6 13. O-O-O h5 14. f3 g6 15. Ne4 Nxe4 16. fxe4 e5 17. Be3 Bh6 18. Bxh6 Rxh6 19. Kb1 Rhh8 20. Bf3 g5 21. h3 Qf6 22. Rhf1 Qg6 23. g4 hxg4 24. Bxg4+ Kc7 25. Bf5 Qg7 26. dxe5 Qxe5 27. Rg1 1-0

[Event "GER-ch Youth-U14w 2022"]
[Site "Willingen"]
[Date "2022.06.06"]
[Round "3.11"]
[White "Margaryan, Sofia"]
[Black "Hergenroeder, Cora"]
[Result "0-1"]
[ECO "D35"]
[WhiteElo "1181"]
[BlackElo "1453"]
[Annotator "NA RC COMBH"]
[PlyCount "83"]
[EventDate "2022.06.05"]
[EventType "swiss"]
[EventRounds "9"]
[EventCountry "GER"]
[SourceTitle "playchess.com"]
[Source "ChessBase"]
[SourceQuality "1"]
[TimeControl "40/4500+30:900+30"]

1. d4 d5 2. c4 e6 3. Nc3 Nf6 4. cxd5 exd5 5. Nf3 Bb4 6. Bd2 O-O 7. e3 Bf5 8. Be2 c6 9. O-O Nbd7 10. a3 Bd6 11. Rc1 h6 12. h3 Re8 13. b4 Nb6 14. Qb3 a6 15. Rfe1 Be6 16. Qb2 Qe7 17. Ra1 Qc7 18. a4 Nc4 19. Bxc4 dxc4 20. a5 Nd5 21. Nxd5 cxd5 22. Rec1 Bd7 23. Bc3 f6 24. Nd2 Qc6 25. Re1 Bc7 26. Re2 Bf5 27. Nb1 Qd6 28. f4 Qd7 29. Kh2 Bd3 30. Rf2 Rxe3 31. Bd2 Re7 32. Nc3 Kh8 33. Re1 Rxe1 34. Bxe1 Re8 35. Bd2 Bg6 36. Qa3 Bf7 37. Kg1 Bd8 38. Rf3 f5 39. Rg3 Bf6 40. Be3 Bh4 41. Rf3 Bh5 42. Rf1 0-1

[Event "GER-ch Youth-U14w 2022"]
[Site "Willingen"]
[Date "2022.06.06"]
[Round "3.12"]
[White "Heuberger, Sandra"]
[Black "Steinlechner, Katja"]
[Result "0-1"]
[ECO "D57"]
[WhiteElo "1101"]
[BlackElo "1317"]
[Annotator "NA RC COMBH"]
[PlyCount "85"]
[EventDate "2022.06.05"]
[EventType "swiss"]
[EventRounds "9"]
[EventCountry "GER"]
[SourceTitle "playchess.com"]
[Source "ChessBase"]
[SourceQuality "1"]
[TimeControl "40/4500+30:900+30"]

1. d4 d5 2. c4 e6 3. Nc3 Nf6 4. Bg5 Be7 5. e3 O-O 6. Nf3 h6 7. Bh4 Ne4 8. Bxe7 Qxe7 9. cxd5 Nxc3 10. bxc3 exd5 11. Bd3 b6 12. O-O Be6 13. Re1 Nd7 14. e4 Qd6 15. Qc2 c5 16. exd5 Bxd5 17. Be4 Nf6 18. Bxd5 Nxd5 19. Rad1 Qg6 20. Qd2 cxd4 21. Ne5 Qg5 22. Qxd4 Rad8 23. Nc6 Nf4 24. Qe4 Nh3+ 25. Kf1 Rxd1 26. Rxd1 Qb5+ 27. Ke1 Ng5 28. Nxa7 Qa6 29. Qe7 Qxa2 30. Nc6 Qe6+ 31. Qxe6 Nxe6 32. Rb1 Ra8 33. Rxb6 Ra1+ 34. Ke2 Ra2+ 35. Ke3 Ra3 36. Ne7+ Kh7 37. Nd5 Nc7 38. Kd4 Nxd5 39. Kxd5 Rxc3 40. Rb7 Rc2 41. Rxf7 Kg6 42. g3 Kxf7 43. Kd4 0-1

[Event "GER-ch Youth-U14w 2022"]
[Site "Willingen"]
[Date "2022.06.06"]
[Round "3.13"]
[White "Marrufo, Emilia"]
[Black "Mueller, Riyanna"]
[Result "0-1"]
[ECO "D00"]
[WhiteElo "998"]
[BlackElo "1521"]
[Annotator "NA RC COMBH"]
[PlyCount "90"]
[EventDate "2022.06.05"]
[EventType "swiss"]
[EventRounds "9"]
[EventCountry "GER"]
[SourceTitle "playchess.com"]
[Source "ChessBase"]
[SourceQuality "1"]
[TimeControl "40/4500+30:900+30"]

1. d4 d5 2. Bf4 c5 3. c3 cxd4 4. cxd4 Nf6 5. e3 Nc6 6. Nf3 Bf5 7. Bd3 Bg6 8. Nc3 e6 9. a3 Qb6 10. Rb1 Rc8 11. Qd2 Be7 12. Ne5 Nxe5 13. Bxe5 O-O 14. Bxg6 hxg6 15. O-O Nd7 16. f4 Qa5 17. Rbc1 f6 18. Bxf6 gxf6 19. Rf3 Nb6 20. Qc2 Kf7 21. Qd3 Nc4 22. Rb1 Nxb2 23. Rxb2 Rxc3 24. Qd2 Rxa3 25. h3 Qxd2 26. Rxd2 b5 27. Rb2 b4 28. Kh2 b3 29. Rff2 Bb4 30. Rf1 Bc3 31. Rbb1 b2 32. Rfd1 Ra1 33. Rf1 Rb8 34. Rfd1 Rxb1 35. Rxb1 Rb5 36. Kh1 Ra5 37. Kh2 Ra1 38. Rxa1 bxa1=Q 39. Kg3 Qe1+ 40. Kh2 Qxe3 41. Kh1 Bxd4 42. Kh2 Qxf4+ 43. Kh1 Bf2 44. g3 Qc1+ 45. Kh2 Qg1# 0-1

[Event "GER-ch Youth-U14w 2022"]
[Site "Willingen"]
[Date "2022.06.06"]
[Round "3.14"]
[White "Funke, Luise"]
[Black "Modali, Nikhilamrutha"]
[Result "0-1"]
[ECO "B46"]
[WhiteElo "970"]
[BlackElo "1262"]
[Annotator "NA RC COMBH"]
[PlyCount "45"]
[EventDate "2022.06.05"]
[EventType "swiss"]
[EventRounds "9"]
[EventCountry "GER"]
[SourceTitle "playchess.com"]
[Source "ChessBase"]
[SourceQuality "1"]
[TimeControl "40/4500+30:900+30"]

1. e4 c5 2. Nf3 e6 3. d4 cxd4 4. Nxd4 Nc6 5. Nc3 a6 6. Be3 Nf6 7. Qd2 Bb4 8. O-O-O Nxe4 9. Qd3 Nxc3 10. bxc3 Ba3+ 11. Kb1 O-O 12. g4 Ne5 13. Qe4 Ng6 14. f4 d5 15. Qf3 Qc7 16. Rd3 e5 17. Qxd5 exd4 18. Qxd4 Bxg4 19. c4 Rad8 20. Qe4 Rfe8 21. Qg2 Rxe3 22. Rxd8+ Qxd8 23. Bd3 0-1

[Event "GER-ch Youth-U14w 2022"]
[Site "Willingen"]
[Date "2022.06.06"]
[Round "3.15"]
[White "Lorenz, Rebecca"]
[Black "Brandt, Greta"]
[Result "0-1"]
[ECO "C01"]
[WhiteElo "733"]
[BlackElo "1458"]
[Annotator "NA RC COMBH"]
[PlyCount "32"]
[EventDate "2022.06.05"]
[EventType "swiss"]
[EventRounds "9"]
[EventCountry "GER"]
[SourceTitle "playchess.com"]
[Source "ChessBase"]
[SourceQuality "1"]
[TimeControl "40/4500+30:900+30"]

1. e4 e6 2. d4 d5 3. exd5 exd5 4. c4 Bb4+ 5. Nc3 Ne7 6. Nf3 O-O 7. Be2 dxc4 8. Bxc4 Bg4 9. O-O Nbc6 10. Be3 Nf5 11. Qe2 Nfxd4 12. Bxd4 Nxd4 13. Qe4 Nxf3+ 14. gxf3 Bh3 15. Rfd1 Qg5+ 16. Kh1 Qg2# 0-1

[Event "GER-ch Youth-U14w 2022"]
[Site "Willingen"]
[Date "2022.06.07"]
[Round "4.1"]
[White "Lorenz, Veronika"]
[Black "Peglau, Dora"]
[Result "0-1"]
[ECO "C02"]
[WhiteElo "1510"]
[BlackElo "2008"]
[Annotator "TA"]
[PlyCount "140"]
[EventDate "2022.06.05"]
[EventType "swiss"]
[EventRounds "9"]
[EventCountry "GER"]
[SourceTitle "playchess.com"]
[Source "ChessBase"]
[SourceQuality "1"]
[TimeControl "40/4500+30:900+30"]

1. e4 c5 2. Nf3 e6 3. c3 Nc6 4. d4 d5 5. e5 Bd7 6. Be2 Nge7 7. O-O Ng6 $1 {[%emt 0:00:00] 7...Ng6 is better than 7...Nf5.} 8. g3 Be7 {[%emt 0:00:00] C02: French: Advance Variation.} 9. h4 h6 {[%emt 0:00:00] [#]} 10. h5 $146 ({Predecessor:} 10. Be3 cxd4 11. cxd4 O-O 12. Nc3 f6 13. Bd3 Be8 14. Qb1 fxe5 15. Bxg6 Rxf3 16. dxe5 Nxe5 17. Bxe8 Qxe8 {0-1 (65) Shirov,A (2689)-Shipov,S (2541) Puhajarve 2015}) 10... Nf8 {[%emt 0:00:00] White is slightly better.} 11. dxc5 Bxc5 12. b4 Be7 13. Bd3 Qc7 14. Re1 O-O-O (14... a6 $14) 15. Be3 ({Better is} 15. Na3) 15... g5 (15... f6 $142) 16. Qe2 (16. Na3 $142 $1 ) 16... Kb8 17. Nbd2 f5 (17... Ka8 $16) 18. Bc5 (18. exf6 $1 $18 Bxf6 19. b5) 18... Bxc5 $14 19. bxc5 Na5 20. c4 $2 (20. Nb3 $14 {keeps the upper hand.}) 20... Nxc4 (20... Bc6 $17 {aiming for ...d4.} 21. Nd4 dxc4 22. Nxc6+ Nxc6 23. Nxc4 Rd5) 21. Bxc4 dxc4 22. Qxc4 (22. Nd4 $11 {feels stronger.}) 22... Bc6 (22... Nh7 $15 {might be stronger.}) 23. Rab1 (23. Nd4 $11) 23... Bd5 $17 24. Qc2 (24. Qb4 $15) 24... Nd7 25. Qb2 (25. Nd4 $17 {might work better.}) 25... Nxc5 $19 26. Rec1 Nd3 {[%emt 0:02:01] Active counter play!} 27. Rxc7 Nxb2 28. Re7 (28. Rg7 {was called for.} Nd3 29. Nd4) 28... Nd3 29. Kf1 Rde8 30. Rg7 g4 31. Nd4 Nxe5 32. Nb5 Rd8 33. Nc7 Rd7 (33... Bxa2 $2 34. Na6+ Ka8 35. Rbxb7 $1 $18) 34. Rxd7 Nxd7 35. Nxd5 exd5 $17 {[%emt 0:00:01][%mdl 4096] Endgame KRN-KRN} 36. Re1 Rf8 37. Re7 Kc7 (37... Kc8 $142 38. Rh7 Rf6) 38. Nb3 Kd6 39. Rh7 {[%emt 0:00:09] [#]} Rf6 $1 40. Ke2 {[%emt 0:00:48] [#]} (40. Nd4 $142) 40... Re6+ (40... Nc5 $142 $1 41. Nxc5 Kxc5 42. Rxb7 Ra6 43. Rc7+ Kd4) 41. Kd3 (41. Kf1 $142) 41... a6 ({Black should play} 41... Ne5+ $17 42. Kc3 Nc6) 42. Na5 $2 (42. Nd4 $11 {and White stays safe.} Nc5+ 43. Kc2) 42... Nc5+ $19 43. Kd4 b6 44. Nb7+ Nxb7 45. Rxb7 {[%emt 0:00:00] KR-KR} Re4+ 46. Kd3 Kc5 47. Rc7+ Kd6 48. Rb7 Re6 $2 (48... b5 $19 {Threatens to win with ...Ke5.} 49. Rb6+ Ke5 50. Rxh6 Ra4) 49. Rxb6+ Ke5 50. Rb8 f4 51. Rg8 fxg3 52. fxg3 Kf5 53. Kd4 (53. Rd8 $11) 53... Re2 (53... Re4+ $15 54. Kxd5 Re2) 54. Kxd5 $2 (54. Rd8 $11) 54... Rd2+ 55. Kc4 Rxa2 56. Rg6 (56. Kd3 $142 Ra3+ 57. Ke2) 56... Ra4+ $2 (56... Ra3 $19 57. Rxh6 a5) 57. Kb3 Re4 58. Rxh6 Re3+ 59. Kb4 $2 (59. Kc2 $11) 59... Rxg3 {[%emt 0:00:19] And now ...Rh3 would win.} 60. Rxa6 Rh3 61. Kc4 g3 62. Rg6 Kf4 63. h6 Kf3 {[%emt 0:01:45] ( -> ...Kf2)} 64. Rf6+ Ke3 {[%emt 0:00:34] Black mates.} 65. Rd6 Rh4+ 66. Kc3 g2 67. Rd3+ Kf2 68. Rd2+ Kg3 69. Rd3+ Kh2 70. Rd2 Kh1 {[%emt 0:00:08] Weighted Error Value: White=0.82/Black=0.55} 0-1

[Event "GER-ch Youth-U14w 2022"]
[Site "Willingen"]
[Date "2022.06.07"]
[Round "4.2"]
[White "Trunz, Michelle"]
[Black "Reich, Elisabeth"]
[Result "1-0"]
[ECO "A85"]
[WhiteElo "1708"]
[BlackElo "1457"]
[Annotator "NA RC COMBH"]
[PlyCount "107"]
[EventDate "2022.06.05"]
[EventType "swiss"]
[EventRounds "9"]
[EventCountry "GER"]
[SourceTitle "playchess.com"]
[Source "ChessBase"]
[SourceQuality "1"]
[TimeControl "40/4500+30:900+30"]

1. d4 f5 2. c4 Nf6 3. Nc3 g6 4. Nf3 Bg7 5. Bg5 O-O 6. e3 d6 7. Be2 Nc6 8. Qc2 e5 9. Nd5 Qd7 10. Bxf6 Bxf6 11. Nxf6+ Rxf6 12. O-O e4 13. Nd2 Qe7 14. a3 a5 15. Nb1 Qg7 16. Nc3 Ne7 17. b4 h5 18. c5 c6 19. Rfd1 d5 20. b5 g5 21. bxc6 bxc6 22. Na4 f4 23. Nb6 Ra7 24. Nxc8 Nxc8 25. Qd2 f3 26. gxf3 exf3 27. Bd3 Qd7 28. Kh1 Ne7 29. Rg1 g4 30. e4 dxe4 31. Bxe4 Rf7 32. Qg5+ Rg7 33. Qxh5 Ra8 34. Qe5 Rd8 35. Rad1 Ng6 36. Qf5 Qe7 37. Qxg4 Nh4 38. Qxg7+ Qxg7 39. Rxg7+ Kxg7 40. Bxc6 Kf6 41. Kg1 Kf5 42. h3 Kf4 43. Kf1 Ng2 44. Rd3 Nh4 45. Ke1 Rg8 46. Kd1 Rg2 47. Rd2 Rh2 48. d5 Rxh3 49. d6 Nf5 50. d7 Nh4 51. d8=Q Ng2 52. Qf6+ Kg4 53. Bd7+ Kh5 54. Rd5# 1-0

[Event "GER-ch Youth-U14w 2022"]
[Site "Willingen"]
[Date "2022.06.07"]
[Round "4.3"]
[White "Wartenberg, Alissa"]
[Black "Haug, Mara"]
[Result "0-1"]
[ECO "C47"]
[WhiteElo "1741"]
[BlackElo "1394"]
[Annotator "NA RC COMBH"]
[PlyCount "108"]
[EventDate "2022.06.05"]
[EventType "swiss"]
[EventRounds "9"]
[EventCountry "GER"]
[SourceTitle "playchess.com"]
[Source "ChessBase"]
[SourceQuality "1"]
[TimeControl "40/4500+30:900+30"]

1. e4 e5 2. Nf3 Nc6 3. Nc3 Nf6 4. d4 exd4 5. Nxd4 Bb4 6. Nxc6 bxc6 7. Bd3 O-O 8. O-O d5 9. exd5 cxd5 10. Bg5 c6 11. Qf3 Rb8 12. Bxf6 Qxf6 13. Qxf6 gxf6 14. Ne2 Bd6 15. b3 Bd7 16. Ng3 Rfe8 17. Rad1 Be5 18. c4 a5 19. cxd5 cxd5 20. Bf5 Be6 21. f4 Bc7 22. Bxe6 fxe6 23. Nh5 Kf7 24. f5 Rbd8 25. fxe6+ Rxe6 26. Kh1 Be5 27. h3 Rc6 28. Rd2 d4 29. Nf4 Rc1 30. Rxc1 Bxf4 31. Rcd1 Bxd2 32. Rxd2 Ke6 33. Kg1 Ke5 34. Re2+ Kf4 35. Kf2 Rc8 36. g3+ Kf5 37. h4 Rc7 38. h5 Kg5 39. Kf3 Rc3+ 40. Ke4 Rxg3 41. Kxd4 Kxh5 42. Rh2+ Kg6 43. Kc4 h5 44. Kb5 Rg5+ 45. Kb6 Re5 46. Rg2+ Kf5 47. Rf2+ Kg5 48. Rg2+ Kh4 49. Rf2 f5 50. b4 Kg3 51. Rb2 axb4 52. Rxb4 f4 53. a4 f3 54. Rb2 f2 0-1

[Event "GER-ch Youth-U14w 2022"]
[Site "Willingen"]
[Date "2022.06.07"]
[Round "4.4"]
[White "Braeutigam, Katerina"]
[Black "Englert, Lin"]
[Result "1-0"]
[ECO "B38"]
[WhiteElo "1860"]
[BlackElo "1503"]
[Annotator "NA RC COMBH"]
[PlyCount "105"]
[EventDate "2022.06.05"]
[EventType "swiss"]
[EventRounds "9"]
[EventCountry "GER"]
[SourceTitle "playchess.com"]
[Source "ChessBase"]
[SourceQuality "1"]
[TimeControl "40/4500+30:900+30"]

1. e4 c5 2. Nf3 Nc6 3. d4 cxd4 4. Nxd4 g6 5. c4 Bg7 6. Be3 Nf6 7. Nc3 d6 8. Be2 O-O 9. O-O a6 10. f3 Qc7 11. Qd2 Bd7 12. Rac1 Rac8 13. Rfd1 Ne5 14. Nd5 Nxd5 15. exd5 Rfd8 16. h3 f6 17. f4 Nf7 18. Ne6 Bxe6 19. dxe6 Nh6 20. g4 Kh8 21. f5 gxf5 (21... Ng8 $142 22. Kg2 gxf5 23. gxf5 d5) 22. Bxh6 Bxh6 23. Qxh6 fxg4 24. hxg4 Qc5+ 25. Kg2 Rg8 26. Rd5 Qb4 27. Rh5 Rg7 28. Rc2 Qa4 29. Bd3 Qc6+ 30. Kh2 Kg8 31. Bxh7+ Kf8 32. Bg6 Qf3 33. Rh4 $18 (33. Rf5 $142 Qf4+ 34. Rxf4 Kg8 35. g5 Rd8 36. Rh4 Kf8 37. Bf7 fxg5 38. Qh8+ Rg8 39. Qxg8#) 33... Rc5 34. Bf7 Rcg5 35. Qh8+ Rg8 36. Qh6+ R8g7 37. Qh8+ Rg8 38. Bxg8 Qf4+ 39. Kg1 Qg3+ 40. Kh1 Qf3+ 41. Kh2 Qf4+ 42. Kg1 Qe3+ 43. Kf1 Qd3+ 44. Re2 Qd1+ 45. Kf2 Qd4+ 46. Kg2 Rxg4+ 47. Rxg4 Qxg4+ 48. Kf1 Qf3+ 49. Ke1 Qg3+ 50. Kd1 Qd3+ 51. Kc1 Qxc4+ 52. Kb1 Qd3+ 53. Rc2 1-0

[Event "GER-ch Youth-U14w 2022"]
[Site "Willingen"]
[Date "2022.06.07"]
[Round "4.5"]
[White "Flierl, Veronika"]
[Black "Bezsonna, Polina"]
[Result "1/2-1/2"]
[ECO "B30"]
[WhiteElo "1427"]
[BlackElo "1511"]
[Annotator "NA RC COMBH"]
[PlyCount "111"]
[EventDate "2022.06.05"]
[EventType "swiss"]
[EventRounds "9"]
[EventCountry "GER"]
[SourceTitle "playchess.com"]
[Source "ChessBase"]
[SourceQuality "1"]
[TimeControl "40/4500+30:900+30"]

1. e4 c5 2. Nf3 Nc6 3. Bb5 Nd4 4. Nxd4 cxd4 5. O-O g6 6. d3 Bg7 7. Nd2 a6 8. Ba4 e6 9. Nf3 Ne7 10. Bf4 Qa5 11. Bb3 e5 12. Bd2 Qd8 13. Bb4 d6 14. Ng5 O-O 15. Qf3 Be6 16. Nxe6 fxe6 17. Bxe6+ Kh8 18. Qe2 b5 19. Bd2 d5 20. Rae1 Qd6 21. Bg4 dxe4 22. Qxe4 Nd5 23. a3 Rae8 24. Bf3 Nf6 25. Qe2 Qc7 26. Bb4 Rf7 27. Qd2 Rc8 28. Rc1 h5 29. Ba5 Qd6 30. Qe2 Bh6 31. Bd2 Bg7 32. Rfe1 Re8 33. Ra1 Qc7 34. Rec1 Rfe7 35. Be4 Nxe4 36. Qxe4 Kh7 37. Bg5 Rf7 38. Qe2 Qb7 39. Re1 Qd7 40. f4 Rf5 41. h4 Qc6 42. Rac1 Ref8 43. g3 Re8 44. Qe4 Qd7 45. Re2 Rff8 46. Rce1 exf4 47. Qxe8 Rxe8 48. Rxe8 fxg3 49. Kg2 Qc6+ 50. Kxg3 Qxc2 51. R8e7 Qxd3+ 52. Kh2 Qf3 53. Rg1 d3 54. Rg3 Qf2+ 55. Rg2 Qd4 56. Kh3 1/2-1/2

[Event "GER-ch Youth-U14w 2022"]
[Site "Willingen"]
[Date "2022.06.07"]
[Round "4.6"]
[White "Jacobasch, Ronja"]
[Black "Eichhorn, Mathilda"]
[Result "1/2-1/2"]
[ECO "C00"]
[WhiteElo "1441"]
[BlackElo "1330"]
[Annotator "NA RC COMBH"]
[PlyCount "71"]
[EventDate "2022.06.05"]
[EventType "swiss"]
[EventRounds "9"]
[EventCountry "GER"]
[SourceTitle "playchess.com"]
[Source "ChessBase"]
[SourceQuality "1"]
[TimeControl "40/4500+30:900+30"]

1. e4 e6 2. d3 d5 3. Nd2 c5 4. Ngf3 Nc6 5. g3 Nf6 6. Bg2 Bd6 7. O-O O-O 8. Re1 Bc7 9. c3 b6 10. Qe2 Re8 11. Nf1 h6 12. h4 Bb7 13. N1h2 dxe4 14. dxe4 Qe7 15. e5 Nd7 16. Bf4 Rac8 17. Bh3 Nf8 18. Ng4 h5 19. Ngh2 Nh7 20. Ng5 g6 21. Qe3 Bd8 22. Nhf3 Qf8 23. Nxh7 Kxh7 24. Ng5+ Bxg5 25. Bxg5 Ne7 26. Rad1 Bc6 27. Rd2 Rcd8 28. Red1 Rxd2 29. Rxd2 Rd8 30. Rxd8 Qxd8 31. Qe2 Qd5 32. f3 Nf5 33. Bxf5 exf5 34. b3 Qxf3 35. Qxf3 Bxf3 36. b4 1/2-1/2

[Event "GER-ch Youth-U14w 2022"]
[Site "Willingen"]
[Date "2022.06.07"]
[Round "4.7"]
[White "Hergenroeder, Cora"]
[Black "Fock, Madiha"]
[Result "1/2-1/2"]
[ECO "D30"]
[WhiteElo "1453"]
[BlackElo "1468"]
[Annotator "NA RC COMBH"]
[PlyCount "85"]
[EventDate "2022.06.05"]
[EventType "swiss"]
[EventRounds "9"]
[EventCountry "GER"]
[SourceTitle "playchess.com"]
[Source "ChessBase"]
[SourceQuality "1"]
[TimeControl "40/4500+30:900+30"]

1. d4 d5 2. c4 e6 3. cxd5 exd5 4. Nc3 c6 5. Nf3 Be7 6. Bf4 Nf6 7. e3 Bf5 8. Bd3 Bxd3 9. Qxd3 Nbd7 10. O-O O-O 11. Rab1 a5 12. h3 Re8 13. Na4 Ne4 14. Qb3 Ra7 15. Rfd1 Bd6 16. Bxd6 Nxd6 17. Ne1 Ne4 18. Nd3 Qe7 19. Qc2 b5 20. Nc3 Ra6 21. Nxe4 dxe4 22. Nc5 Nxc5 23. Qxc5 Qe6 24. b3 Rd8 25. Qg5 Rd5 26. Qg3 Ra8 27. Rdc1 Rc8 28. Rc2 h6 29. Rbc1 Rg5 30. Qh2 Qd7 31. Rc5 Rxc5 32. Rxc5 Rd8 33. Qe5 Re8 34. Qf5 Qd6 35. Qg4 Kf8 36. Qe2 Re6 37. Qc2 Kg8 38. Rh5 Qb4 39. Kf1 Qd6 40. Kg1 Qb4 41. Kf1 Qd6 42. Kg1 Qb4 43. Kf1 1/2-1/2

[Event "GER-ch Youth-U14w 2022"]
[Site "Willingen"]
[Date "2022.06.07"]
[Round "4.8"]
[White "Göb, Franziska"]
[Black "Stepanjan, Marianne"]
[Result "0-1"]
[ECO "B52"]
[WhiteElo "1362"]
[BlackElo "1489"]
[Annotator "NA RC COMBH"]
[PlyCount "50"]
[EventDate "2022.06.05"]
[EventType "swiss"]
[EventRounds "9"]
[EventCountry "GER"]
[SourceTitle "playchess.com"]
[Source "ChessBase"]
[SourceQuality "1"]
[TimeControl "40/4500+30:900+30"]

1. e4 c5 2. Nf3 d6 3. Bb5+ Bd7 4. Bxd7+ Nxd7 5. c4 Ngf6 6. Nc3 e6 7. d4 cxd4 8. Nxd4 a6 9. Qd3 Ne5 10. Qe2 Qc7 11. b3 b5 12. f4 Ned7 13. f5 e5 14. Nc2 Rc8 15. Ne3 bxc4 16. Nxc4 Nb6 17. Nxb6 Qxc3+ 18. Kf2 Rb8 19. Be3 Nxe4+ 20. Kf3 Qc6 21. Kg4 h5+ 22. Kh3 Nc5 23. Nc4 Be7 24. Rac1 Qe4 25. Rhf1 Qh4# 0-1

[Event "GER-ch Youth-U14w 2022"]
[Site "Willingen"]
[Date "2022.06.07"]
[Round "4.10"]
[White "Mueller, Riyanna"]
[Black "Hoffmann, Sophia"]
[Result "1-0"]
[ECO "C54"]
[WhiteElo "1521"]
[BlackElo "1289"]
[Annotator "NA RC COMBH"]
[PlyCount "123"]
[EventDate "2022.06.05"]
[EventType "swiss"]
[EventRounds "9"]
[EventCountry "GER"]
[SourceTitle "playchess.com"]
[Source "ChessBase"]
[SourceQuality "1"]
[TimeControl "40/4500+30:900+30"]

1. e4 e5 2. Nf3 Nc6 3. Bc4 Bc5 4. c3 Nf6 5. d3 d6 6. O-O Bg4 7. h3 Bh5 8. Nbd2 O-O 9. Re1 h6 10. Nf1 Nh7 11. Ng3 Bxf3 12. Qxf3 Ng5 13. Qg4 Qf6 14. d4 exd4 15. Nh5 Qe7 16. h4 Ne5 17. Qg3 Nxc4 18. hxg5 g6 19. gxh6 Qe5 20. Qxe5 dxe5 21. Nf6+ Kh8 22. Nd7 Be7 23. Nxf8 Rxf8 24. cxd4 exd4 25. b3 Ne5 26. Rd1 Rd8 27. Bf4 Bf6 28. Bxe5 Bxe5 29. Rac1 Rd7 30. Rc5 Re7 31. g3 b6 32. Rc6 Kh7 33. f4 Bd6 34. e5 Bc5 35. Kg2 Kxh6 36. Kf3 Kg7 37. Ke4 f5+ 38. Kd3 Kf7 39. Kc4 a5 40. Rxc5 bxc5 41. Kxc5 Re6 42. Rxd4 Ke7 43. Kb5 Rb6+ 44. Kxa5 Rb8 45. Rd2 Rh8 46. a4 Rb8 47. Rd3 Rb7 48. Rc3 Kd7 49. b4 Ke6 50. b5 Ke7 51. Rc6 Kf7 52. Ka6 Rb8 53. Rxc7+ Ke6 54. b6 Ra8+ 55. Ra7 Rc8 56. b7 Rc6+ 57. Kb5 Rc1 58. Ra8 Rb1+ 59. Ka6 Ra1 60. a5 Rb1 61. b8=Q Rb7 62. Qd6+ 1-0

[Event "GER-ch Youth-U14w 2022"]
[Site "Willingen"]
[Date "2022.06.07"]
[Round "4.11"]
[White "Müller, Cosima"]
[Black "Margaryan, Sofia"]
[Result "1-0"]
[ECO "B41"]
[WhiteElo "1389"]
[BlackElo "1181"]
[Annotator "NA RC COMBH"]
[PlyCount "99"]
[EventDate "2022.06.05"]
[EventType "swiss"]
[EventRounds "9"]
[EventCountry "GER"]
[SourceTitle "playchess.com"]
[Source "ChessBase"]
[SourceQuality "1"]
[TimeControl "40/4500+30:900+30"]

1. e4 c5 2. Nf3 e6 3. d4 cxd4 4. Nxd4 a6 5. c4 d5 6. cxd5 exd5 7. Nc3 Bb4 8. Qa4+ Nc6 9. Nxc6 bxc6 10. Qxb4 Ne7 11. exd5 cxd5 12. Qa4+ Bd7 13. Qd4 O-O 14. Nxd5 Nxd5 15. Qxd5 Re8+ 16. Be3 Qc7 17. Be2 Bc6 18. Qc5 Qb7 19. f3 Rac8 20. Qd4 Re7 21. Rd1 h6 22. O-O Rce8 23. Rd3 Bb5 24. Rb3 Qc6 25. Bxb5 axb5 26. Rc1 Qg6 27. Bf2 Re5 28. Bg3 Rf5 29. Qd7 Re2 30. Rxb5 Rf4 31. Kf1 Rc2 32. Rxc2 Rxf3+ 33. gxf3 Qxc2 34. Qe8+ Kh7 35. Qe4+ Qxe4 36. fxe4 g6 37. a4 f5 38. exf5 gxf5 39. Rxf5 Kg6 40. Re5 h5 41. a5 Kf6 42. a6 h4 43. Bf4 h3 44. a7 Kg7 45. a8=Q Kg6 46. Qc6+ Kf7 47. Qe6+ Kg7 48. Rg5+ Kh7 49. Qg6+ Kh8 50. Be5# 1-0

[Event "GER-ch Youth-U14w 2022"]
[Site "Willingen"]
[Date "2022.06.07"]
[Round "4.12"]
[White "Modali, Nikhilamrutha"]
[Black "Bursan, Ana-Maria"]
[Result "0-1"]
[ECO "B11"]
[WhiteElo "1262"]
[BlackElo "1329"]
[Annotator "NA RC COMBH"]
[PlyCount "94"]
[EventDate "2022.06.05"]
[EventType "swiss"]
[EventRounds "9"]
[EventCountry "GER"]
[SourceTitle "playchess.com"]
[Source "ChessBase"]
[SourceQuality "1"]
[TimeControl "40/4500+30:900+30"]

1. e4 c6 2. Nc3 d5 3. Nf3 Bg4 4. exd5 cxd5 5. h3 Bh5 6. Bb5+ Nc6 7. g4 Bg6 8. Ne5 Rc8 9. d4 e6 10. h4 h6 11. Nxg6 fxg6 12. Qe2 Qf6 13. Nxd5 Qf7 14. Nf4 Kd7 15. O-O Bd6 16. Nd3 Qf6 17. Ne5+ Kc7 18. g5 Qf5 19. c3 Nge7 20. Bd3 Qf8 21. Nxg6 Nxg6 22. Bxg6 Qe7 23. f4 Rcf8 24. f5 e5 25. f6 gxf6 26. gxf6 Rxf6 27. h5 Rg8 28. Rxf6 Qxf6 29. Be3 exd4 30. Rf1 Qe5 31. cxd4 Qg3+ 32. Kh1 Qh3+ 33. Kg1 Ne7 34. Bf4 Nxg6 35. Bxd6+ Kd8 36. Bc7+ Kc8 37. Bg3 Qxg3+ 38. Qg2 Qxg2+ 39. Kxg2 Nf4+ 40. Kf3 Nxh5 41. d5 Rf8+ 42. Kg2 Rxf1 43. Kxf1 Kd7 44. Kg2 Kd6 45. Kh3 Kxd5 46. Kh4 Nf6 47. Kg3 Kd4 0-1

[Event "GER-ch Youth-U14w 2022"]
[Site "Willingen"]
[Date "2022.06.07"]
[Round "4.13"]
[White "Brandt, Greta"]
[Black "Ottlik, Marie"]
[Result "0-1"]
[ECO "A34"]
[WhiteElo "1458"]
[BlackElo "1442"]
[Annotator "NA RC COMBH"]
[PlyCount "56"]
[EventDate "2022.06.05"]
[EventType "swiss"]
[EventRounds "9"]
[EventCountry "GER"]
[SourceTitle "playchess.com"]
[Source "ChessBase"]
[SourceQuality "1"]
[TimeControl "40/4500+30:900+30"]

1. c4 c5 2. Nc3 Nf6 3. g3 d5 4. cxd5 Nxd5 5. Bg2 Nc7 6. d3 e5 7. Nf3 Nc6 8. O-O Be7 9. a3 O-O 10. Nd2 Bd7 11. Nc4 f6 12. Qb3 Kh8 13. h3 Rb8 14. Kh2 Nd4 15. Qd1 b6 16. e3 Ndb5 17. Bd2 Bf5 18. e4 Be6 19. Nxb5 Nxb5 20. Be3 Nd4 21. f4 Nc6 22. fxe5 fxe5 23. Rxf8+ Qxf8 24. Qh5 Qf7 25. Qxf7 Bxf7 26. Rf1 Be6 27. Rf2 Rd8 28. Rd2 b5 0-1